 Dungeon Crawl Stone Soup version 0.29-a0-770-g2e8140cf71 (webtiles) character file.

Game seed: 3287088228080156279

5415 Gargoyl the Cleaver (level 10, -3/63 HPs)
             Began as a Gargoyle Berserker on June 29, 2022.
             Was a Priest of Trog.
             Slain by an eight-headed hydra (13 damage)
             ... on level 1 of the Lair of Beasts on July 1, 2022.
             The game lasted 00:13:02 (6751 turns).

Gargoyl the Cleaver (Gargoyle Berserker)            Turns: 6751, Time: 00:13:03

Health: -3/63      AC: 20    Str: 21    XL:     10   Next: 67%
Magic:  19/19      EV: 13    Int: 11    God:    Trog [***...]
Gold:   427        SH:  0    Dex: 15    Spells: 9/9 levels left

rFire   + + .      SeeInvis .   o - +2 hand axe (venom)
rCold   x . .      Faith    .   (no shield)
rNeg    + + +      Spirit   .   e - +1 ring mail {rF+}
rPois   ∞          Reflect  .   x - +2 helmet {Int+3}
rElec   +          Harm     .   (no cloak)
rCorr   .          Rampage  .   f - +1 pair of gloves
Will    ++...                   (no boots)
Stlth   ..........              c - amulet of regeneration
HPRegen 2.00/turn               g - ring of magical power
MPRegen 0.16/turn               l - ring "Diphuy" {Fire rElec rN+++ Dex+2 Stlth-}

@: about to teleport, strong-willed, regenerating
A: sickness immunity, AC +7, negative energy resistance 1, electricity
resistance, torment resistance 1, petrification resistance
a: Renounce Religion, Berserk, Trog's Hand


You were on level 1 of the Lair of Beasts.
You worshipped Trog.
Trog was most pleased with you.
You visited 2 branches of the dungeon, and saw 9 of its levels.

You collected 598 gold pieces.
You spent 171 gold pieces at shops.

Inventory:

Hand Weapons
 a - a +0 hand axe
 o - a +2 hand axe of venom (weapon)
Missiles
 b - 39 poisoned darts (quivered)
Armour
 e - a +1 ring mail of fire resistance (worn)
 f - a +1 pair of gloves (worn)
 x - a +2 helmet of intelligence (worn)
 A - the +10 scale mail of the Poles {-Tele rElec Str+6}
   (You bought it in a shop on level 8 of the Dungeon)

   Str:       It affects your strength (+6).
   rElec:     It insulates you from electricity.
   -Tele:     It prevents most forms of teleportation.
Jewellery
 c - an amulet of regeneration (around neck)
 g - a ring of magical power (left hand)
 l - the ring "Diphuy" (right hand) {Fire rElec rN+++ Dex+2 Stlth-}
   (You acquired it on level 2 of the Dungeon)

   [ring of fire]

   It enhances your fire magic.
   Dex:       It affects your dexterity (+2).
   rF:        It protects you from fire.
   rC:        It makes you vulnerable to cold.
   rElec:     It insulates you from electricity.
   rN:        It renders you almost immune to negative energy.
   Stlth:     It makes you less stealthy.
Wands
 h - a wand of polymorph (4)
 p - a wand of digging (5)
 s - a wand of iceblast (5)
 z - a wand of flame (19)
 C - a wand of light (5)
Scrolls
 d - 2 scrolls of poison
 k - 3 scrolls of magic mapping
Potions
 i - 2 potions of flight
 j - 7 potions of curing
 m - 2 potions of attraction
 q - a potion of resistance
 r - 2 potions of lignification {unknown}
 u - 3 potions of heal wounds
 v - 2 potions of might {unknown}
 w - a potion of invisibility
 B - a potion of ambrosia {unknown}
 D - a potion of mutation {unknown}


   Skills:
 + Level 7.2 Fighting
 + Level 9.0(9.4) Axes
 + Level 4.3(7.2) Polearms
 + Level 1.3 Throwing
 + Level 7.1 Armour
 + Level 5.9 Dodging
 + Level 2.4 Stealth
 + Level 0.5 Unarmed Combat
 + Level 0.4 Evocations


You had 9 spell levels left.
You didn't know any spells.
Your spell library was empty.

Dungeon Overview and Level Annotations

Branches:
Dungeon (8/15)             Temple (0/1) D:6            Lair (1/6) D:8

Altars:
Cheibriados
Gozag
Nemelex Xobeh
Ru
Wu Jian
Xom

Shops:
D:4 *   D:8 [


Innate Abilities, Weirdness & Mutations

You are immune to sickness and miasma.
Your stone body is resilient. (AC +7)
You are immune to poison.
You resist negative energy. (rN+)
You are resistant to electric shocks. (rElec)
You are resistant to unholy torment.
You are immune to petrification.


Message History

The eight-headed hydra bites you but does no damage.
The eight-headed hydra barely misses you.
Aiming: Polymorph
Press: ? - help, Shift-Dir - straight line, f/p - eight-headed hydra
Aim: an eight-headed hydra (will become a great orb of eyes, a ghost moth, or an anaconda, chance to affect: 18%)
The eight-headed hydra resists with almost no effort.
The eight-headed hydra bites you but does no damage.
The eight-headed hydra closely misses you. x2
The eight-headed hydra bites you but does no damage.
The eight-headed hydra bites you.
The eight-headed hydra bites you but does no damage. x3
Aiming: Polymorph
Press: ? - help, Shift-Dir - straight line, f/p - eight-headed hydra
Aim: an eight-headed hydra (will become a great orb of eyes, a ghost moth, or an anaconda, chance to affect: 18%)
The eight-headed hydra resists with almost no effort.
The eight-headed hydra bites you! x2
The eight-headed hydra bites you but does no damage.
The eight-headed hydra barely misses you.
The eight-headed hydra closely misses you.
The eight-headed hydra barely misses you. x2
The eight-headed hydra bites you but does no damage.
As you read the scroll of teleportation, it crumbles to dust.
You feel strangely unstable. The eight-headed hydra bites you!
* * * LOW HITPOINT WARNING * * *
The eight-headed hydra bites you but does no damage. x2
The eight-headed hydra barely misses you.
The eight-headed hydra bites you but does no damage. x2
The eight-headed hydra barely misses you.
The eight-headed hydra bites you.
* * * LOW HITPOINT WARNING * * *
Your skin crawls.
You feel strong-willed.
The eight-headed hydra completely misses you.
The eight-headed hydra bites you.
* * * LOW HITPOINT WARNING * * *
The eight-headed hydra bites you.
* * * LOW HITPOINT WARNING * * *
The eight-headed hydra bites you but does no damage.
The eight-headed hydra bites you!
You die...

.......#.........................
.................................
.................................
...####.###...................#..
...#######........##...#.....####
...#......#.....#.............###
..........#............#.....###.
...##....##.....#......#.........
.........##.....@......#.....#...
...##....##.....#D."......D......
...########.....#.............##.
...#######......#......#.....####
................########.....# #
.............................####
.................................
.................................
.................................


You could see an eight-headed hydra.

Vanquished Creatures
  A rime drake (Lair:1)
  A gargoyle (D:7)
  A cane toad (Lair:1)
  A komodo dragon (Lair:1)
  Grinder (D:3)
  Sigmund (D:3)
  Grum (D:8)
  2 steam dragons
  6 water moccasins
  3 black bears (D:8)
  An orc warrior (D:8)
  2 ice beasts
  2 sky beasts
  2 wolves (D:8)
  2 ogres
  2 centaurs
  Blork the orc (D:4)
  3 kobold brigands (D:8)
  A necrophage (D:3)
  3 scorpions
  6 bullfrogs
  5 wights (D:8)
  5 orc priests
  A hound (D:6)
  A jelly (D:4)
  Terence (D:2)
  An iguana (D:7)
  Natasha (thrice) (D:2)
  3 orc wizards
  Robin (D:3)
  4 adders
  5 white imps
  A worm (D:3)
  A dart slug (D:1)
  16 orcs
  6 bats
  7 endoplasms
  2 giant cockroaches
  8 goblins
  11 hobgoblins
  6 jackals
  19 kobolds
  3 quokkas
  5 ball pythons
  3 frilled lizards
  9 rats
170 creatures vanquished.

Vanquished Creatures (others)
  8 fungi
  12 plants
20 creatures vanquished.

Grand Total: 190 creatures vanquished

Notes
Turn   | Place    | Note
-------+----------+-------------------------------------------
     0 | D:1      | Gargoyl the Gargoyle Berserker began the quest for the Orb.
     0 | D:1      | Reached XP level 1. HP: 14/14 MP: 1/1
   281 | D:1      | Reached XP level 2. HP: 8/19 MP: 2/2
   613 | D:1      | Reached skill level 3 in Axes
  1046 | D:1      | Reached XP level 3. HP: 24/24 MP: 3/3
  1221 | D:2      | Noticed Natasha
  1224 | D:2      | Noticed Terence
  1233 | D:2      | Killed Terence
  1235 | D:2      | Killed Natasha
  1236 | D:2      | Reached skill level 1 in Stealth
  1236 | D:2      | Reached XP level 4. HP: 25/29 MP: 4/4
  1292 | D:2      | Noticed Natasha
  1298 | D:2      | Reached ** piety under Trog
  1307 | D:2      | Killed Natasha
  1426 | D:2      | Noticed Natasha
  1434 | D:2      | Killed Natasha
  1435 | D:2      | Reached skill level 4 in Axes
  1435 | D:2      | Reached XP level 5. HP: 22/33 MP: 3/5
  1607 | D:2      | Identified a scroll of acquirement
  1607 | D:2      | Acquired the ring "Diphuy" {Fire rElec rN+++ Dex+2 Stlth-}
  1773 | D:2      | Upgraded the game from 0.29-a0-728-g6bb282b620 to
                  | 0.29-a0-770-g2e8140cf71
  1881 | D:3      | Noticed Grinder
  1892 | D:3      | Killed Grinder
  1893 | D:3      | Reached XP level 6. HP: 39/39 MP: 6/6
  1904 | D:3      | Noticed Sigmund
  1952 | D:3      | Killed Sigmund
  1953 | D:3      | Reached skill level 5 in Axes
  1953 | D:3      | Reached XP level 7. HP: 44/44 MP: 7/7
  1980 | D:3      | Noticed Robin
  1990 | D:3      | Killed Robin
  2091 | D:3      | Found a faded altar of an unknown god.
  2162 | D:3      | Reached skill level 1 in Polearms
  2447 | D:4      | Found a sparkling altar of Nemelex Xobeh.
  2563 | D:4      | Found Joes's CLEARANCE SALE!.
  2734 | D:4      | Reached *** piety under Trog
  2735 | D:4      | Reached XP level 8. HP: 48/48 MP: 8/8
  3040 | D:4      | Noticed Blork the orc
  3054 | D:4      | Killed Blork the orc
  3343 | D:5      | Entered Level 5 of the Dungeon
  3460 | D:5      | Reached skill level 5 in Fighting
  3498 | D:5      | Reached skill level 5 in Armour
  3528 | D:5      | Found a shimmering altar of Xom.
  3666 | D:5      | Found a sacrificial altar of Ru.
  3999 | D:6      | Reached skill level 1 in Throwing
  4146 | D:6      | Found an ornate altar of the Wu Jian Council.
  4162 | D:6      | Found a snail-covered altar of Cheibriados.
  4205 | D:6      | Found a staircase to the Ecumenical Temple.
  4531 | D:7      | Reached XP level 9. HP: 50/54 MP: 9/9
  4705 | D:7      | Reached skill level 6 in Axes
  5401 | D:8      | Noticed a gargoyle
  5421 | D:7      | Killed a gargoyle
  5472 | D:8      | Reached skill level 7 in Axes
  5487 | D:8      | Found Puen's Antique Armour Shoppe.
  5498 | D:8      | Bought an encrusted scale mail for 171 gold pieces
  5498 | D:8      | Identified the +10 scale mail of the Poles {-Tele rElec
                  | Str+6} (You bought it in a shop on level 8 of the Dungeon)
  5579 | D:8      | Reached skill level 5 in Dodging
  5672 | D:8      | Reached XP level 10. HP: 60/60 MP: 10/10
  5677 | D:8      | Reached skill level 8 in Axes
  5712 | D:8      | Noticed Grum
  5730 | D:8      | Killed Grum
  5926 | D:8      | Found an opulent altar of Gozag.
  6143 | D:8      | Found a staircase to the Lair.
  6159 | Lair:1   | Entered Level 1 of the Lair of Beasts
  6286 | Lair:1   | Noticed a four-headed hydra
  6350 | Lair:1   | Noticed a cane toad
  6363 | Lair:1   | Killed a cane toad
  6543 | Lair:1   | Reached skill level 9 in Axes
  6751 | Lair:1   | Slain by an eight-headed hydra

Illustrated notes

Levels and vault maps discovered:
D:1:      minmay_arrival_loop, layout_loops_cross, minmay_misc_feat_doors,
          minmay_misc_feat_rugged
D:2:      layout_rooms, uniq_terence, uniq_natasha
D:3:      layout_rooms, hellmonk_ecumenical_altar_zigzags, uniq_robin,
          uniq_grinder, uniq_sigmund
D:4:      layout_layer_cave, amcnicky_altar_gilded, nicolae_shop_clearance,
          uniq_blork_the_orc
D:5:      layout_rooms, nicolae_ru_path_of_blood, xom_butterflies
D:6:      layout_cave_pools, nicolae_wu_jian_wuxing_cycle, cheibriados_altar_1,
          minmay_temple_entry_drinking_statues
D:7:      layout_cave_pods, serial_bayou_pond_e, bh_walls_and_bars
D:8:      black_bear_nest_1, layout_rooms, mainiacjoe_overflow_brackets,
          grunt_lair_entry_orc_guard_hut, serial_shops,
          nicolae_shop_overgrown_old_shop, uniq_grum
Lair:1:   layout_regular_city, minivault_23

Skill      XL: |  1  2  3  4  5  6  7  8  9 10 |
---------------+-------------------------------+-----
Axes           | 3 4 5 7 9 |  9.0
Dodging        | 2 3 4 5 |  5.9
Stealth        | 1 2 |  2.4
Fighting       | 4 5 6 7 |  7.2
Armour         | 3 4 5 6 7 |  7.1
Polearms       | 2 4 |  4.3
Throwing       | 1 |  1.3
Unarmed Combat | |  0.5
Evocations     | |  0.4

Action                   |  1- 3 |  4- 6 |  7- 9 | 10-12 || total
-------------------------+-------+-------+-------+-------++-------
Melee: Hand axe          |    66 |    95 |   237 |   115 ||   513
       Unarmed           |       |     5 |       |       ||     5
       Punch             |       |     1 |     1 |     3 ||     5
       Halberd           |       |       |    55 |       ||    55
Throw: Dart              |       |       |     4 |     3 ||     7
Invok: Berserk           |     2 |     3 |     4 |     3 ||    12
       Trog's Hand       |       |     2 |     4 |     4 ||    10
Evoke: Wand              |       |       |       |    17 ||    17
  Use: Scroll            |     2 |     1 |    15 |     4 ||    22
       Potion            |     1 |       |       |       ||     1
 Stab: Sleeping          |     2 |       |       |       ||     2
Armor: Animal skin       |    22 |       |       |       ||    22
       Ring mail         |       |    56 |   186 |   133 ||   375
Dodge: Dodged            |    51 |    66 |   263 |   151 ||   531

Table legend: (Time is in decaauts)
 A = Elapsed time spent in this place.
 B = Non-inter-level travel time spent in this place.
 C = Inter-level travel time spent in this place.
 D = Time resting spent in this place.
 E = Time spent auto-exploring this place.
 F = Levels seen in this place.
 G = Mean time per level.
                   A        B        C        D        E       F      G
               +--------+--------+--------+--------+--------+-----+--------+
         Total |   6864 |   6645 |    219 |    160 |   4890 |   9 |  762.7 |
       Dungeon |   6263 |   6044 |    219 |     83 |   4522 |   8 |  782.9 |
          Lair |    601 |    601 |      0 |     77 |    368 |   1 |  601.0 |
               +--------+--------+--------+--------+--------+-----+--------+

Top non-repeatable levels by time:
     D:1: 1235 daAuts
     D:7: 1037 daAuts
     D:4: 936 daAuts
     D:8: 712 daAuts
     D:2: 683 daAuts
     D:5: 632 daAuts
  Lair:1: 601 daAuts
     D:3: 571 daAuts
     D:6: 455 daAuts
